 Dungeon Crawl Stone Soup version 0.25-a0-523-g9afb2ee040 (webtiles) character file.

Game seed: 1522833298218233522, levelgen mode: deterministic

48 LairdRich the Skirmisher (level 3, 0/33 HPs)
             Began as a Minotaur Berserker on Feb 18, 2020.
             Was a Follower of Trog.
             Succumbed to Crazy Yiuf's poison
             ... on level 2 of the Dungeon.
             The game lasted 00:02:51 (531 turns).

LairdRich the Skirmisher (Minotaur Berserker)        Turns: 531, Time: 00:02:52

Health: 0/33       AC:  6    Str: 27    XL:     3   Next: 50%
Magic:  2/2        EV: 11    Int:  6    God:    Trog [*.....]
Gold:   65         SH:  0    Dex:  9    Spells: 2/2 levels left

rFire    . . .     SeeInvis .   a - +0 hand axe
rCold    + . .     Gourm    .   (no shield)
rNeg     . . .     Faith    .   d - +0 scale mail
rPois    .         Spirit   .   (helmet restricted)
rElec    .         Reflect  .   (no cloak)
rCorr    .         Harm     .   (no gloves)
MR       .....     Clarity  +   (no boots)
Stlth    ..........             (no amulet)
HPRegen  0.11/turn              j - +2 ring of intelligence
MPRegen  0.08/turn              (no ring)

@: mighty, lethally poisoned (0 -> -2), very slightly contaminated, invisible
A: retaliatory headbutt, horns 2, clarity, cold resistance 1
a: Berserk, Renounce Religion


You were on level 2 of the Dungeon.
You worshipped Trog.
Trog was aware of your devotion.
You were not hungry.

You visited 1 branch of the dungeon, and saw 2 of its levels.

You collected 65 gold pieces.

Inventory:

Hand Weapons
 a - a +0 hand axe (weapon)
Armour
 d - a +0 scale mail (worn)
Jewellery
 j - a +2 ring of intelligence (left hand)
Scrolls
 e - a scroll of immolation {unknown}
 g - 2 scrolls of enchant armour {unknown}
 h - a scroll of remove curse {unknown}
 i - 3 scrolls of amnesia {unknown}
 m - a scroll of identify {unknown}
Potions
 k - a potion of might
Comestibles
 b - 3 chunks of flesh
 c - 4 rations


   Skills:
 + Level 4.1 Fighting
 + Level 4.1 Axes
 + Level 3.1 Armour
 + Level 2.9 Dodging


You had 2 spell levels left.
You didn't know any spells.
Your spell library was empty.

Dungeon Overview and Level Annotations

Branches:
Dungeon (2/15)

Altars:


Innate Abilities, Weirdness & Mutations

You reflexively headbutt those who attack you in melee.
You have a pair of horns on your head.
You possess an exceptional clarity of mind.
Your flesh is cold resistant. (rC+)


Message History

It was a potion of invisibility.
You fade further into invisibility.
It was a potion of mutation.
You feel extremely strange.
Your thoughts seem clearer.
You feel resistant to cold.
* * * LOW HITPOINT WARNING * * *
You feel sick.
Okay, then.
There is an open translucent door here.
Things that are here:
a +4 quarterstaff of chaos; a +0 cloak
* * * LOW HITPOINT WARNING * * *
You feel sick.
* * * LOW HITPOINT WARNING * * *
You feel sick.
You see here a glowing mace.
There is a lethal amount of poison in your body!
There is a lethal amount of poison in your body!
* * * LOW HITPOINT WARNING * * *
You feel sick.
You die...

#### #..#
♣♣♣♣♣##[.#
#####♣♣♣.♣..#...##
#...#♣..♣.P.....'.
#...).♣♣♣♣......##
#@..#♣♣ ♣♣P#...##
##### ♣♣##..##
#..## #..##
#####..##
#..#.....
##.#....# #......+
##.....#


There were no monsters in sight!

Vanquished Creatures
  Crazy Yiuf (D:2)
  2 giant cockroaches
  A goblin (D:1)
  A hobgoblin (D:1)
  3 kobolds (D:1)
  6 bats (D:1)
  4 frilled lizards
  4 rats (D:1)
22 creatures vanquished.

Notes
Turn   | Place    | Note
-------+----------+-------------------------------------------
     0 | D:1      | LairdRich the Minotaur Berserker began the quest for the
                  | Orb.
     0 | D:1      | Reached XP level 1. HP: 19/19 MP: 0/0
    76 | D:1      | Reached XP level 2. HP: 22/27 MP: 1/1
   502 | D:2      | Found a runed translucent door.
   503 | D:2      | Noticed Crazy Yiuf
   516 | D:2      | Killed Crazy Yiuf
   516 | D:2      | Reached XP level 3. HP: 5/33 MP: 2/2
   519 | D:2      | Gained mutation: You possess an exceptional clarity of
                  | mind. [potion of mutation]
   519 | D:2      | Gained mutation: Your flesh is cold resistant. (rC+)
                  | [potion of mutation]
   527 | D:2      | HP: 1/33 [poisoned by Crazy Yiuf]
   531 | D:2      | Succumbed to Crazy Yiuf's poison

Levels and vault maps discovered:
D:1:      minmay_arrival_solitary_statue, layout_rooms
D:2:      layout_basic, uniq_crazy_yiuf_cottage, uniq_robin

Skill      XL: |  1  2 |
---------------+-------+-----
Axes           | 4 |  4.1
Fighting       | 4 |  4.1
Armour         | 3 |  3.1
Dodging        | |  2.9

Action                   || total
-------------------------++-------
Melee: Hand axe          ||    44
       Headbutt          ||     9
  Use: Potion            ||     3
Armor: Animal skin       ||     6
       Scale mail        ||     4
Dodge: Dodged            ||    37

Table legend:
 A = Non-vault XP
 B = Vault XP
 C = Vault XP percentage of total XP
 D = Non-vault monster count
 E = Vault monster count
 F = Vault count percentage of total count
                 A         B        C        D         E       F
            +---------+---------+-------+---------+---------+-------
      Total |      30 |      39 |  56.5 |      21 |       1 |   4.5
            +---------+---------+-------+---------+---------+-------
        D:1 |      27 |       0 |   0.0 |      19 |       0 |   0.0
        D:2 |       3 |      39 |  92.9 |       2 |       1 |  33.3
            +---------+---------+-------+---------+---------+-------
